 Dungeon Crawl Stone Soup version 0.23.1-37-gaa34b87b72 (webtiles) character file.

Game seed: 6697638370405335354

3912 GGGomer the Cleaver (level 10, -3/91 HPs)
             Began as a Minotaur Fighter on Mar 21, 2019.
             Was a Follower of Ashenzari.
             Slain by a two-headed ogre
             ... wielding a +0 giant club
              (8 damage)
             ... on level 9 of the Dungeon.
             The game lasted 00:23:03 (7115 turns).

GGGomer the Cleaver (Minotaur Fighter)              Turns: 7115, Time: 00:23:04

Health: -3/91      AC: 14    Str: 25    XL:     10   Next: 1%
Magic:  27/27      EV: 12    Int:  5    God:    Ashenzari [*.....]
Gold:   524        SH: 11    Dex:  9    Spells: 9/9 levels left

rFire    . . .     SeeInvis .   y - +5 falchion "Gieffimo" {slice, MP+9} (curse)
rCold    . . .     Gourm    .   c - +0 shield
rNeg     . . .     Faith    .   m - +0 acid dragon scales
rPois    .         Spirit   .   (helmet restricted)
rElec    .         Reflect  .   (no cloak)
rCorr    +         Harm     .   s - +0 pair of gloves
MR       .....                  (no boots)
Stlth    +.........             (no amulet)
HPRegen  0.25/turn              u - ring of magical power
MPRegen  0.20/turn              v - +5 ring of protection

@: no status effects
A: retaliatory headbutt, horns 2
a: Curse Item, Scrying, Renounce Religion


You were on level 9 of the Dungeon.
You worshipped Ashenzari.
Ashenzari was aware of your devotion.
You were not hungry.

You visited 1 branch of the dungeon, and saw 9 of its levels.

You collected 559 gold pieces.
You donated 35 gold pieces to Zin.

Inventory:

Hand Weapons
 a - a +1 war axe
 r - a +0 mace
 y - the cursed +5 falchion "Gieffimo" (weapon) {slice, MP+9}
   (You found it on level 7 of the Dungeon)

   It inflicts extra damage upon your enemies.
   It affects your magic capacity (+9).
   It has a curse placed upon it.
 I - a +0 shortbow
Missiles
 d - 71 arrows
 w - 2 throwing nets (quivered)
Armour
 c - a +0 shield (worn)
 m - +0 acid dragon scales (worn)
 s - a +0 pair of gloves (worn)
Jewellery
 u - a ring of magical power (left hand)
 v - a +5 ring of protection (right hand)
 H - an uncursed ring of positive energy
Wands
 t - a wand of paralysis (8)
 D - a wand of random effects (21)
Scrolls
 e - a scroll of enchant weapon
 l - a scroll of amnesia
 o - 4 scrolls of remove curse
 p - 4 scrolls of identify {unknown}
 q - 2 scrolls of immolation
 A - a scroll of fog
 B - a scroll of teleportation {unknown}
 F - a scroll of noise {unknown}
 G - a scroll of magic mapping
 K - a scroll of blinking
Potions
 b - 2 potions of magic {unknown}
 g - 4 potions of lignification {unknown}
 h - a potion of cancellation {unknown}
 i - 2 potions of invisibility {unknown}
 j - a potion of ambrosia
 k - 2 potions of mutation {unknown}
 n - a potion of degeneration {unknown}
 x - 2 potions of heal wounds {unknown}
 z - 4 potions of haste {unknown}
 C - a potion of brilliance {unknown}
 E - a potion of curing {unknown}
Comestibles
 f - 15 rations
 J - 4 chunks of flesh


   Skills:
 * Level 9.2 Fighting
 * Level 9.3 Axes
 * Level 9.1 Armour
 + Level 5.1 Dodging
 + Level 7.5 Shields


You had 9 spell levels left.
You didn't know any spells.
Your spell library contained the following spells:

 Spells                   Type           Power        Failure   Level  Hunger
 Sting                    Conj/Pois      #...         86%         1    ##.....
 Poisonous Vapours        Pois/Air       #.....       94%         2    ###....
 Mephitic Cloud           Conj/Pois/Air  #.......     99%         3    ####...
 Recall                   Summ/Tloc      N/A          99%         3    ####...
 Olgreb's Toxic Radiance  Pois           #.......     100%        4    #####..
 Aura of Abjuration       Summ           #.........   100%        5    ######.
 Summon Demon             Summ           #.........   100%        5    ######.
 Summon Forest            Summ/Tloc      #.........   100%        5    ######.
 Summon Mana Viper        Hex/Summ       #.......     100%        5    ######.
 Venom Bolt               Conj/Pois      #.........   100%        5    ######.
 Shadow Creatures         Summ           N/A          100%        6    #######


Dungeon Overview and Level Annotations

Branches:
Dungeon (9/15)             Temple (0/1) D:7
   Lair: D:8-11         Orc: D:9-12

Altars:
Ashenzari
Cheibriados
Elyvilon
Fedhas
Gozag
Hepliaklqana
Uskayaw
Xom
Zin
The Shining One

Annotations:
D:9 3 runed translucent doors, H0rd4k's ghost, journeyman DEWz


Innate Abilities, Weirdness & Mutations

You reflexively headbutt those who attack you in melee.
You have a pair of horns on your head.


Message History

* * * LOW HITPOINT WARNING * * *
The iguana closely misses you. You block the iguana's attack.
You block the two-headed ogre's attack.
The two-headed ogre hits you with a +0 giant club.
* * * LOW HITPOINT WARNING * * *
You block the iguana's attack.
You can't unwield your weapon to draw a new one!
Found a stone staircase leading up.
As you open the door, it creaks loudly!
A crimson imp comes into view.
The crimson imp shouts!
Found 14 sling bullets.
Found 19 gold pieces.
The worker ant waves its antennae.
There is a stone staircase leading up here.
You block the worker ant's attack.
The two-headed ogre hits you with a +0 giant club!!
* * * LOW HITPOINT WARNING * * *
The two-headed ogre hits you with a +0 giant club!
You die...

.............#
...............#
...............###+###
...............'...5..
..$......s....5###+###
...(...........#
........o......#
...#...a#l#....#
#....@O#.....#
#.#.###......# #
#......# .###.#... ##
.######


You could see a two-headed ogre, an orc warrior, a scorpion, an iguana, a worker
ant and a crimson imp.

Vanquished Creatures
  A hornet (D:7)
  A hippogriff (D:8)
  A wyvern (D:9)
  An orc warrior (D:7)
  4 sky beasts
  A necrophage (D:8)
  2 phantoms (D:4)
  A centaur (D:8)
  4 ogres
  Blork the orc (D:5)
  3 bullfrogs
  2 wyvern skeletons
  3 scorpions
  7 killer bees
  6 crimson imps
  4 jellies
  2 orc priests
  3 hounds
  2 orc wizards
  3 centaur skeletons
  Terence (D:2)
  3 iguanas
  14 worker ants
  A killer bee zombie (D:7)
  A hound skeleton (D:4)
  A hound zombie (D:5)
  13 gnolls
  5 adders
  A shadow imp (D:3)
  2 oozes
  An adder zombie (D:8)
  7 worms
  5 dart slugs
  4 leopard geckos
  16 orcs
  7 bats
  10 giant cockroaches
  5 goblins
  8 hobgoblins
  7 jackals
  6 quokkas
  A ball python (D:2)
  7 frilled lizards
  9 kobolds
  29 rats
216 creatures vanquished.

Vanquished Creatures (others)
  A fungus (D:9)
  2 plants (D:9)
3 creatures vanquished.

Grand Total: 219 creatures vanquished

Notes
Turn   | Place    | Note
-------+----------+-------------------------------------------
     0 | D:1      | GGGomer the Minotaur Fighter began the quest for the Orb.
     0 | D:1      | Reached XP level 1. HP: 19/19 MP: 0/0
    64 | D:1      | Reached XP level 2. HP: 25/27 MP: 1/1
   399 | D:1      | Reached XP level 3. HP: 33/33 MP: 2/2
   649 | D:2      | Noticed Terence
   657 | D:2      | Killed Terence
   668 | D:2      | Found a faded altar of an unknown god.
   679 | D:2      | Reached XP level 4. HP: 40/40 MP: 3/3
   706 | D:2      | Found an opulent altar of Gozag.
   771 | D:2      | Reached skill level 1 in Dodging
   953 | D:2      | Found a hide-covered altar of Uskayaw.
  1169 | D:2      | Reached XP level 5. HP: 33/46 MP: 4/4
  1188 | D:2      | Became a worshipper of Zin the Law-Giver
  1188 | D:2      | Reached * piety under Zin
  1247 | D:3      | Noticed an ogre
  1265 | D:3      | Killed an ogre
  1270 | D:3      | Reached skill level 5 in Shields
  1272 | D:3      | Reached XP level 6. HP: 30/53 MP: 5/5
  1432 | D:3      | Found a blossoming altar of Fedhas.
  1511 | D:3      | Found a white marble altar of Elyvilon.
  1652 | D:3      | Reached ** piety under Zin
  1761 | D:3      | Found a shimmering altar of Xom.
  1764 | D:3      | Found a glowing silver altar of Zin.
  1764 | D:3      | Found a sacrificial altar of Ru.
  1765 | D:3      | Reached skill level 5 in Axes
  1768 | D:3      | Found a hide-covered altar of Uskayaw.
  1768 | D:3      | Found a glowing silver altar of Zin.
  1768 | D:3      | Found a glowing silver altar of Zin.
  2073 | D:4      | Reached skill level 5 in Fighting
  2073 | D:4      | Reached skill level 5 in Armour
  2330 | D:4      | Reached XP level 7. HP: 61/61 MP: 6/6
  2635 | D:4      | Reached *** piety under Zin
  2883 | D:5      | Entered Level 5 of the Dungeon
  3079 | D:5      | Reached **** piety under Zin
  3297 | D:5      | Reached XP level 8. HP: 67/71 MP: 7/7
  3315 | D:5      | Noticed Blork the orc
  3329 | D:5      | Killed Blork the orc
  3802 | D:6      | Found a runed translucent door.
  3814 | D:6      | Found a runed translucent door.
  4601 | D:6      | Found a shattered altar of Ashenzari.
  4730 | D:6      | Fell from the grace of Zin
  4730 | D:6      | Became a worshipper of Ashenzari the Shackled
  4905 | D:7      | Found a hazy altar of Hepliaklqana.
  5041 | D:7      | Reached XP level 9. HP: 80/80 MP: 8/8
  5201 | D:7      | Found a staircase to the Ecumenical Temple.
  5738 | D:7      | Got the falchion "Gieffimo" {slice, MP+9}
  5739 | D:7      | Identified the +5 falchion "Gieffimo" {slice, MP+9} (You
                  | found it on level 7 of the Dungeon)
  5838 | D:8      | Found a glowing golden altar of the Shining One.
  6321 | D:8      | Reached * piety under Ashenzari
  6430 | D:8      | Found a snail-covered altar of Cheibriados.
  6660 | D:8      | Reached skill level 5 in Dodging
  7005 | D:9      | Found a runed translucent gate.
  7005 | D:9      | Found a runed translucent gate.
  7006 | D:9      | Identified the +7 short sword "Mippet Pydu" {drain,
                  | *Corrode rPois rF+}
  7007 | D:9      | Noticed H0rd4k's ghost (journeyman DEWz)
  7009 | D:9      | Found a runed translucent gate.
  7064 | D:9      | Reached XP level 10. HP: 91/91 MP: 9/9
  7089 | D:9      | Noticed a two-headed ogre
  7115 | D:9      | Slain by a two-headed ogre

Skill      XL: |  1  2  3  4  5  6  7  8  9 |
---------------+----------------------------+-----
Shields        | 4 5 6 7 |  7.5
Armour         | 4 5 6 7 9 |  9.1
Fighting       | 4 5 6 7 9 |  9.2
Axes           | 3 4 5 6 7 9 |  9.3
Dodging        | 1 2 3 4 5 |  5.1

Action                   |  1- 3 |  4- 6 |  7- 9 | 10-12 || total
-------------------------+-------+-------+-------+-------++-------
Melee: War axe           |    72 |   148 |   176 |       ||   396
       Headbutt          |    13 |    21 |    59 |     5 ||    98
       Falchion          |       |       |   112 |     8 ||   120
Invok: Curse Item        |       |       |     1 |       ||     1
  Use: Scroll            |     4 |       |     3 |       ||     7
       Potion            |       |       |     2 |       ||     2
  Eat: Ration            |       |     1 |     5 |       ||     6
       Chunk             |       |     1 |     1 |       ||     2
Armor: Scale mail        |    51 |       |       |       ||    51
       Acid dragon scale |    10 |    64 |   119 |     3 ||   196
Dodge: Dodged            |    36 |    85 |   133 |     9 ||   263
Block: Shield            |    70 |   113 |   163 |     9 ||   355
       Rpst.: Falchion   |       |       |    22 |     1 ||    23
